 Dungeon Crawl Stone Soup version 0.30-a0-596-g0af90f9a20 (webtiles) character file.

Game seed: 5793417895257377692

115 wormed the Prestidigitator (level 5, 0/37 HPs)
             Began as a Gnoll Wanderer on Jan 7, 2023.
             Succumbed to Natasha's poison
             ... on level 3 of the Dungeon.
             The game lasted 00:03:49 (2341 turns).

wormed the Prestidigitator (Gnoll Wanderer)         Turns: 2341, Time: 00:03:49

Health: 0/37       AC:  5    Str: 12    XL:     5   Next: 0%
Magic:  7/7        EV: 13    Int: 15    God:
Gold:   173        SH:  0    Dex: 15    Spells: 6/6 levels left

rFire   + . .      SeeInvis .    a - +2 spear
rCold   . . .      Faith    .    (no shield)
rNeg    . . .      Spirit   .    e - +0 leather armour
rPois   .          Reflect  .    q - +0 helmet
rElec   .          Harm     .    (no cloak)
rCorr   .          Rampage  .    g - +0 pair of gloves
Will    .....                    (no boots)
Stlth   ++                       (no amulet)
HPRegen 0.26/turn                h - ring of protection from fire
MPRegen 0.10/turn                m - +6 ring of intelligence

@: lethally poisoned (0 -> -15)
A: fangs 1, strong nose, distributed training
a: no special abilities


You were on level 3 of the Dungeon.
You visited 1 branch of the dungeon, and saw 3 of its levels.

You collected 173 gold pieces.

Inventory:

Hand Weapons
 a - a +2 spear (weapon)
 b - a +0 hand axe
Armour
 e - a +0 leather armour (worn)
 g - a +0 pair of gloves (worn)
 q - a +0 helmet (worn)
Jewellery
 h - a ring of protection from fire (left hand)
 m - a +6 ring of intelligence (right hand)
Wands
 c - a wand of polymorph (3) (quivered)
Scrolls
 d - 6 scrolls of teleportation
 f - 2 scrolls of immolation
 i - a scroll of enchant weapon
 n - a scroll of identify
 r - a scroll of poison {unknown}
Potions
 j - 2 potions of brilliance {unknown}
 l - a potion of magic
 o - a potion of lignification {unknown}
 p - a potion of curing


   Skills:
 + Level 1.3 Fighting
 + Level 1.3 Short Blades
 + Level 1.3 Long Blades
 + Level 2.9 Axes
 + Level 1.3 Maces & Flails
 + Level 4.7 Polearms
 + Level 1.3 Staves
 + Level 1.3 Ranged Weapons
 + Level 1.3 Throwing
 + Level 1.3 Armour
 + Level 4.7 Dodging
 + Level 1.3 Stealth
 + Level 1.3 Shields
 + Level 1.3 Unarmed Combat
 + Level 1.3 Spellcasting
 + Level 1.1 Conjurations
 + Level 1.1 Hexes
 + Level 1.1 Summonings
 + Level 1.1 Necromancy
 + Level 1.1 Translocations
 + Level 1.1 Transmutations
 + Level 1.1 Fire Magic
 + Level 1.1 Ice Magic
 + Level 1.1 Air Magic
 + Level 1.1 Earth Magic
 + Level 1.1 Poison Magic
 + Level 3.0 Invocations
 + Level 8.6 Evocations


You had 6 spell levels left.
You didn't know any spells.
Your spell library contained the following spells:

 Spells                   Type           Power      Damage    Failure   Level
 Beastly Appendage        Tmut           8%         N/A       19%         1
 Necrotise                Necr           16%        1d4       19%         1
 Wereblood                Tmut           4%         N/A       28%         2
 Spider Form              Tmut/Pois      4%         N/A       50%         3
 Vampiric Draining        Necr           4%         2d6       50%         3
 Agony                    Necr           4%         N/A       99%         5


Dungeon Overview and Level Annotations

Branches:
Dungeon (3/15)

Altars:

Annotations:
D:3 Natasha


Innate Abilities, Weirdness & Mutations

You have very sharp teeth.
Your uncanny sense of smell can sniff out nearby items.
Your experience applies equally to all skills.


Message History

Natasha, Servant of Life and Death comes into view.
Natasha hisses angrily.
Natasha is nearby!
Natasha is nearby!
Natasha is nearby!
Natasha stares at you and mumbles some strange words.
The magic dart hits you!
You reach to attack!
You closely miss Natasha. You barely miss Natasha. You bite Natasha.
Natasha is lightly wounded.
Natasha hisses.
Natasha barely misses you.
You hit Natasha but do no damage.
Natasha is lightly wounded.
Natasha barely misses you.
You closely miss Natasha.
Natasha is lightly wounded.
Natasha claws you!
You hit Natasha.
Natasha is moderately wounded.
Natasha barely misses you.
You barely miss Natasha.
Natasha is moderately wounded.
Natasha claws you.
You puncture Natasha! Your bite misses Natasha.
Natasha is severely wounded.
Natasha claws you.
* * * LOW HITPOINT WARNING * * *
Aiming: Polymorph
Press: ? - help, Shift-Dir - straight line, f/p - Natasha
Aim: Natasha (severely wounded, will become an adder, a water moccasin, or a jelly, chance to affect: 69%) Natasha evaporates and reforms as a water moccasin!
Natasha bites you.
* * * LOW HITPOINT WARNING * * *
You are lethally poisoned!
Natasha poisons you!
Blink to where?
Press: ? - help, Dir - move target, p - Natasha
As you read the scroll of blinking, it crumbles to dust.
You die...

.........# #.# .>######## #
#.# ..# #. #.# .## .#
##.####.# #########
.........S# .........
.####.#.ยง## ..#######
.........## #.......#
##...####..# #######.#
#8@..8# ##.## ### ##...##
#..# ..# #...# ##.# #.######
#...# #.### #.##...# 8...8
#...# ..##...# ## ##...##
###.#
...#...##8###8##...##8###8#.#
............................#
...#.........?.. .........#


You could see Natasha the water moccasin.

Vanquished Creatures
  A gnoll (D:1)
  4 adders (D:2)
  A worm (D:3)
  A dart slug (D:1)
  6 endoplasms
  3 giant cockroaches
  4 goblins
  7 hobgoblins
  5 jackals
  2 quokkas
  6 ball pythons
  5 bats
  4 frilled lizards
  10 kobolds
  3 rats
62 creatures vanquished.

Notes
Turn   | Place    | Note
-------+----------+-------------------------------------------
     0 | D:1      | wormed the Gnoll Wanderer began the quest for the Orb.
     0 | D:1      | wormed set off with the following items: a +2 spear, a +0
                  | hand axe, a wand of polymorph (4), a scroll of
                  | teleportation, a +0 leather armour.
     0 | D:1      | Reached XP level 1. HP: 13/13 MP: 2/2
   122 | D:1      | Reached XP level 2. HP: 19/19 MP: 3/3
   156 | D:1      | Found a faded altar of an unknown god.
   376 | D:1      | HP: 1/20 [gnoll/+0 flail (11)]
   380 | D:1      | Reached XP level 3. HP: 2/25 MP: 4/4
   383 | D:1      | HP: 1/25 [giant cockroach (1)]
  1032 | D:2      | Reached skill level 1 in Fighting
  1032 | D:2      | Reached skill level 1 in Short Blades
  1032 | D:2      | Reached skill level 1 in Long Blades
  1032 | D:2      | Reached skill level 1 in Maces & Flails
  1032 | D:2      | Reached skill level 1 in Staves
  1032 | D:2      | Reached skill level 1 in Ranged Weapons
  1032 | D:2      | Reached skill level 1 in Throwing
  1032 | D:2      | Reached skill level 1 in Armour
  1032 | D:2      | Reached skill level 1 in Stealth
  1032 | D:2      | Reached skill level 1 in Shields
  1032 | D:2      | Reached skill level 1 in Unarmed Combat
  1032 | D:2      | Reached skill level 1 in Spellcasting
  1135 | D:2      | Reached XP level 4. HP: 10/32 MP: 6/6
  1337 | D:2      | Reached skill level 1 in Conjurations
  1337 | D:2      | Reached skill level 1 in Hexes
  1337 | D:2      | Reached skill level 1 in Summonings
  1337 | D:2      | Reached skill level 1 in Necromancy
  1337 | D:2      | Reached skill level 1 in Translocations
  1337 | D:2      | Reached skill level 1 in Transmutations
  1337 | D:2      | Reached skill level 1 in Fire Magic
  1337 | D:2      | Reached skill level 1 in Ice Magic
  1337 | D:2      | Reached skill level 1 in Air Magic
  1337 | D:2      | Reached skill level 1 in Earth Magic
  1337 | D:2      | Reached skill level 1 in Poison Magic
  2312 | D:3      | Reached XP level 5. HP: 37/37 MP: 7/7
  2330 | D:3      | Noticed Natasha
  2340 | D:3      | Natasha changed into Natasha the water moccasin
  2340 | D:3      | Noticed Natasha
  2341 | D:3      | Succumbed to Natasha's poison

Illustrated notes

Levels and vault maps discovered:
D:1:      nzn_arrival_water_spiral, layout_loops_ring,
          ebering_ecumenical_altar_webs
D:2:      layout_loops_ring, st_stairs_1, hangedman_feature_mirror
D:3:      layout_rooms, old_standard_altar, serial_corexii_hall,
          corexii_hall_statues_t, corexii_hall_statues_x,
          chequers_hall_statues_y, chequers_hall_statues_corner_a,
          minmay_fractal_squares_diagonal_5, uniq_natasha

Skill      XL: |  1  2  3  4 |
---------------+-------------+-----
Fighting       | 1 |  1.3
Short Blades   | 1 |  1.3
Long Blades    | 1 |  1.3
Maces & Flails | 1 |  1.3
Staves         | 1 |  1.3
Ranged Weapons | 1 |  1.3
Throwing       | 1 |  1.3
Armour         | 1 |  1.3
Stealth        | 1 |  1.3
Shields        | 1 |  1.3
Unarmed Combat | 1 |  1.3
Spellcasting   | 1 |  1.3
Conjurations   | 1 |  1.1
Hexes          | 1 |  1.1
Summonings     | 1 |  1.1
Necromancy     | 1 |  1.1
Translocations | 1 |  1.1
Transmutations | 1 |  1.1
Fire Magic     | 1 |  1.1
Ice Magic      | 1 |  1.1
Air Magic      | 1 |  1.1
Earth Magic    | 1 |  1.1
Poison Magic   | 1 |  1.1
Invocations    | 3 |  3.0
Axes           | |  2.9
Polearms       | |  4.7
Dodging        | |  4.7
Evocations     | |  8.6

Action                   |  1- 3 |  4- 6 || total
-------------------------+-------+-------++-------
Melee: Spear             |   109 |    98 ||   207
       Bite              |     5 |    11 ||    16
       Punch             |     4 |       ||     4
Evoke: Wand              |       |     1 ||     1
  Use: Potion            |     1 |     2 ||     3
       Scroll            |     3 |     4 ||     7
 Stab: Sleeping          |     5 |     4 ||     9
       Distracted        |     1 |       ||     1
Armor: Leather armour    |    19 |    12 ||    31
Dodge: Dodged            |    44 |    36 ||    80

Table legend: (Time is in decaauts)
 A = Elapsed time spent in this place.
 B = Non-inter-level travel time spent in this place.
 C = Inter-level travel time spent in this place.
 D = Time resting spent in this place.
 E = Time spent auto-exploring this place.
 F = Levels seen in this place.
 G = Mean time per level.
                   A        B        C        D        E       F      G
               +--------+--------+--------+--------+--------+-----+--------+
         Total |   2315 |   2255 |     60 |      0 |   1810 |   3 |  771.7 |
       Dungeon |   2315 |   2255 |     60 |      0 |   1810 |   3 |  771.7 |
               +--------+--------+--------+--------+--------+-----+--------+

Top non-repeatable levels by time:
     D:2: 901 daAuts
     D:1: 880 daAuts
     D:3: 533 daAuts
